[Event "ICC tourney 1944 (30 5)"]
[Site "Internet Chess Club"]
[Date "2020.08.01"]
[Round "4"]
[White "BobbyFissure"]
[Black "wulovechess"]
[Result "0-1"]
[ICCResult "White forfeits on time"]
[WhiteElo "1437"]
[BlackElo "1541"]
[Opening "Queen's pawn game, Darooha variation "]
[ECO "D02"]
[NIC "QP.08"]
[Time "16:33:37"]
[TimeControl "1800+5"]

1. d4 d5 2. Nf3 Nf6 3. b3 Bf5 4. Ba3 Nbd7 5. e3 c5 6. Bd3 Bxd3 7. cxd3 e6 8.
O-O Bd6 9. Re1 O-O 10. e4 dxe4 11. dxe4 e5 12. d5 Qe7 13. Nc3 c4 14. Bxd6
Qxd6 15. bxc4 Qb4 16. Qb3 a5 17. Rab1 Rfc8 18. Qxb4 axb4 19. Rxb4 Ra3 20.
Rc1 Nc5 21. Nxe5 Re8 22. f4 Nfxe4 23. Nxe4 Nxe4 24. Rxb7 Nd6 25. Rb2 f6 26.
Nf3 Ne4 27. c5 Ra5 28. Rbc2 Rc8 29. d6 Raxc5 30. Rxc5 Rxc5 31. Rd1 Rc8 32.
d7 Rd8 33. Re1 Nd6 34. Nd4 Rxd7 35. Rc1 Ra7 36. Rc2 Ra4 37. Ne2 Ne4 38. g3
g5 39. fxg5 fxg5 40. Kg2 h5 41. h4 gxh4 42. gxh4 Nd6 43. Ng3 Rxh4 44. Kf3
Kg7 45. Rc6 Nb5 46. Nf5+ Kf7 47. Rb6 Nd4+ 48. Nxd4 Rxd4 49. Rb3 Ra4 50. a3
Kg6 51. Kg3 Kg5 52. Kh3 Rh4+ 53. Kg3 Rg4+ 54. Kh3 Kf4 55. a4 Ke4
{White forfeits on time}
0-1

[Event "ICC tourney 1944 (30 5)"]
[Site "Internet Chess Club"]
[Date "2020.08.01"]
[Round "4"]
[White "doudou2011"]
[Black "ChemStud24"]
[Result "1/2-1/2"]
[ICCResult "Game drawn by repetition"]
[WhiteElo "1524"]
[BlackElo "1554"]
[Opening "Queen's Indian defense"]
[ECO "A47"]
[NIC "QP.06"]
[Time "16:31:23"]
[TimeControl "1800+5"]

1. d4 Nf6 2. Nf3 b6 3. g3 Bb7 4. Bg2 e6 5. O-O d5 6. c4 dxc4 7. Qa4+ Nbd7 8.
Qxc4 c5 9. Nc3 Be7 10. Re1 Ne4 11. Nxe4 Bxe4 12. dxc5 Bd5 13. Qg4 h5 14. Qa4
Bxc5 15. e4 Bb7 16. Rd1 Qc7 17. Bf4 Qc6 18. Qxc6 Bxc6 19. Ne1 e5 20. Bd2 Nf6
21. Nd3 Bxe4 22. Nxe5 Bxg2 23. Kxg2 Ne4 24. f3 Nxd2 25. Rxd2 f6 26. Ng6 Rg8
27. Re1+ Kf7 28. Nf4 Rad8 29. Red1 Rde8 30. Rd7+ Re7 31. Rxe7+ Kxe7 32. Nd5+
Kf7 33. Nf4 Re8 34. Rd7+ Kf8 35. Rxa7 g5 36. Nxh5 Re2+ 37. Kh3 Bg1 38. Ra8+
Kf7 39. Ra7+ Kg6 40. g4 Rxh2+ 41. Kg3 Rxb2 42. Rg7+ Kh6 43. Rg8 Bf2+ 44. Kh3
Rxa2 45. Rh8+ Kg6 46. Rg8+ Kf7 47. Rg7+ Ke6 48. Rg8 Ra3 49. Re8+ Kf7 50. Rb8
Bc5 51. Rb7+ Kg6 52. Rg7+ Kh6 53. Rb7 Rxf3+ 54. Kg2 Rf2+ 55. Kg3 Rd2 56.
Nxf6 Rd3+ 57. Kg2 Rd4 58. Rc7 Rf4 59. Rc6 Ra4 60. Ne4+ Kg7 61. Nxc5 bxc5 62.
Rxc5 Rxg4+ 63. Kf3 Rg1 64. Rc7+ Kh6 65. Rc6+ Kh5 66. Kf2 Ra1 67. Kg3 Ra3+
68. Kg2 Kh4 69. Rh6+ Kg4 70. Rc6 Ra2+ 71. Kf1 Kh3 72. Rc3+ Kh4 73. Rc4+ g4
74. Kg1 Kh3 75. Rc8 Ra5 76. Rc3+ g3 77. Rc1 Rf5 78. Rc3 Re5 79. Rc1 Rd5 80.
Re1 Rc5 81. Rd1 Rc2 82. Re1 Rd2 83. Rc1 Rg2+ 84. Kh1 Rf2 85. Kg1 Rg2+ 86.
Kh1 Rf2 87. Kg1 Rf5 88. Rc8 Re5 89. Rh8+ Kg4 90. Rg8+ Rg5 91. Rd8 Kh3 92.
Rh8+ Kg4 93. Rd8 Kh4 94. Rh8+ Rh5 95. Rd8 Kh3 96. Rd3 Re5 97. Rd1 Re2 98.
Rc1 Rf2 99. Rc8 Rf4 100. Rc1 Re4 101. Rd1 Rb4 102. Rc1 Rb2 103. Rd1 Re2 104.
Rc1 Rg2+ 105. Kh1 {Game drawn by repetition} 1/2-1/2

[Event "ICC tourney 1944 (30 5)"]
[Site "Internet Chess Club"]
[Date "2020.08.01"]
[Round "5"]
[White "ChunkyApple"]
[Black "che8642"]
[Result "1-0"]
[ICCResult "Black checkmated"]
[WhiteElo "1412"]
[BlackElo "1387"]
[Opening "Sicilian: Grand Prix attack"]
[ECO "B21"]
[NIC "SI.48"]
[Time "18:01:01"]
[TimeControl "1800+5"]

1. e4 c5 2. f4 e6 3. Nf3 Nc6 4. Bc4 a6 5. Nc3 b5 6. Be2 Bb7 7. d4 Qb6 8. d5
Nd4 9. dxe6 dxe6 10. Be3 Nxf3+ 11. Bxf3 Rd8 12. Qe2 Qc7 13. O-O Nf6 14. e5
Bxf3 15. Qxf3 Nd5 16. Nxd5 Rxd5 17. Rad1 Rxd1 18. Rxd1 Be7 19. Qa8+ Bd8 20.
Qxa6 b4 21. Qb5+ Kf8 22. Qxc5+ Qe7 23. Rxd8# {Black checkmated} 1-0

[Event "ICC tourney 1944 (30 5)"]
[Site "Internet Chess Club"]
[Date "2020.08.01"]
[Round "5"]
[White "wulovechess"]
[Black "Mandyz"]
[Result "0-1"]
[ICCResult "White resigns"]
[WhiteElo "1534"]
[BlackElo "1661"]
[Opening "Sicilian"]
[ECO "B56"]
[NIC "SI.25"]
[Time "18:01:31"]
[TimeControl "1800+5"]

1. e4 c5 2. Nf3 d6 3. d4 cxd4 4. Nxd4 Nf6 5. Nc3 Nc6 6. Be3 Ng4 7. Bf4 Nxd4
8. Qxd4 e5 9. Qa4+ Bd7 10. Bb5 exf4 11. Bxd7+ Qxd7 12. Qxd7+ Kxd7 13. Nd5
Nf6 14. Rd1 Nxe4 15. Rd4 Nc5 16. c4 Be7 17. b4 Ne6 18. Rd2 Rac8 19. Rc2 b5
20. O-O Rxc4 21. Rxc4 bxc4 22. Rc1 Rc8 23. b5 Nd4 24. Nc3 Bf6 25. Kf1 Ne6
26. Nd5 Rc5 27. Nxf6+ gxf6 28. a4 Nd4 29. Rc3 d5 30. f3 Nb3 31. Ke2 d4
{White resigns}
0-1

[Event "ICC tourney 1944 (30 5)"]
[Site "Internet Chess Club"]
[Date "2020.08.01"]
[Round "5"]
[White "Oliver0731"]
[Black "UltimateDL"]
[Result "0-1"]
[ICCResult "White resigns"]
[WhiteElo "1350"]
[BlackElo "1273"]
[Opening "Sicilian: accelerated fianchetto, modern variation"]
[ECO "B34"]
[NIC "SI.33"]
[Time "18:01:00"]
[TimeControl "1800+5"]

1. e4 c5 2. Nf3 Nc6 3. d4 cxd4 4. Nxd4 g6 5. Nc3 Bg7 6. Be3 Nf6 7. h4 h5 8.
Qd2 Ng4 9. f3 Nxe3 10. Nxc6 Nxf1 11. Rxf1 bxc6 12. O-O-O Qa5 13. a3 Bxc3 14.
Qxc3 Qxc3 15. bxc3 d6 16. Kd2 Be6 17. Rb1 Bc8 18. f4 O-O 19. e5 dxe5 20.
fxe5 Ba6 21. Rfe1 Rab8 22. Rb3 Bc4 23. Rb4 Bd5 24. g3 Rfd8 25. Ke3 Be6 26.
Ra4 Rd7 27. Ra5 Rb5 28. Rxb5 cxb5 29. Rb1 a6 30. Ke4 {White resigns} 0-1

[Event "ICC tourney 1944 (30 5)"]
[Site "Internet Chess Club"]
[Date "2020.08.01"]
[Round "5"]
[White "ChessStar22"]
[Black "tortorchess"]
[Result "1/2-1/2"]
[ICCResult "Game drawn by mutual agreement"]
[WhiteElo "1346"]
[BlackElo "1289"]
[Opening "Queen's pawn game"]
[ECO "D00"]
[NIC "QP.08"]
[Time "18:01:00"]
[TimeControl "1800+5"]

1. d4 d5 2. e3 Nf6 3. c4 c6 4. Nc3 Bg4 5. Nf3 e6 6. cxd5 cxd5 7. Be2 Bb4 8.
Ne5 Bxe2 9. Qxe2 O-O 10. O-O Nbd7 11. Nxd7 Qxd7 12. a3 Bxc3 13. bxc3 Rac8
14. Bd2 Ne4 15. Rfc1 Rc7 16. f3 Nxd2 17. Qxd2 Rfc8 18. Qb2 b6 19. Rc2 Rc4
20. Rac1 Qc6 21. Kf2 a5 22. Ke2 b5 23. Kd3 Qa6 24. Kd2 h6 25. g4 Kf8 26. h4
Qd6 27. f4 Qc6 28. Rb1 b4 29. axb4 axb4 30. Rbc1
{Game drawn by mutual agreement}
1/2-1/2

[Event "ICC tourney 1944 (30 5)"]
[Site "Internet Chess Club"]
[Date "2020.08.01"]
[Round "5"]
[White "che2468"]
[Black "doudou2011"]
[Result "0-1"]
[ICCResult "White checkmated"]
[WhiteElo "1326"]
[BlackElo "1532"]
[Opening "Queen's pawn game"]
[ECO "D00"]
[NIC "QP.07"]
[Time "18:01:22"]
[TimeControl "1800+5"]

1. d4 Nf6 2. Nc3 d5 3. Bf4 g6 4. e3 Bg7 5. Be2 O-O 6. h4 h5 7. Nf3 c5 8. Qd2
Nc6 9. O-O-O c4 10. Ne5 Qb6 11. f3 a5 12. g4 e6 13. gxh5 Nxh5 14. e4 Nxd4
15. Ng4 Nxf4 16. Qxf4 Nxe2+ 17. Kd2 Nxf4 18. Ke1 f5 19. Nf2 Qe3+ 20. Kf1
Bxc3 21. bxc3 Qe2+ 22. Kg1 Qxf3 23. Rh2 Ne2+ 24. Kf1 Ng3+ 25. Kg1 Nxe4 26.
Nxe4 Qxd1+ 27. Kg2 dxe4 28. Rh3 Qg4+ 29. Rg3 Qxg3+ 30. Kxg3 Rd8 31. Kf4 e5+
32. Kg5 Rd1 33. Kxg6 Rg1+ 34. Kh6 Ra6+ 35. Kh5 Bd7 36. a4 Be8#
{White checkmated}
0-1

[Event "ICC tourney 1944 (30 5)"]
[Site "Internet Chess Club"]
[Date "2020.08.01"]
[Round "5"]
[White "stgummadi"]
[Black "sillytiger"]
[Result "0-1"]
[ICCResult "White resigns"]
[WhiteElo "1383"]
[BlackElo "1256"]
[Opening "Sicilian: O'Kelly variation"]
[ECO "B28"]
[NIC "SI.43"]
[Time "18:01:41"]
[TimeControl "1800+5"]

1. e4 c5 2. Nf3 a6 3. d4 cxd4 4. Nxd4 Nf6 5. Nc3 e5 6. Nb3 Bb4 7. Bd3 Bxc3+
8. bxc3 d6 9. f3 O-O 10. O-O Be6 11. Be3 Nbd7 12. Qd2 Rc8 13. c4 Bxc4 14.
Bxc4 Rxc4 15. Rac1 Qe7 16. Rfd1 Ra4 17. Ra1 Rc8 18. Bg5 Rac4 19. Bxf6 Nxf6
20. Rac1 h6 21. Qxd6 Qxd6 22. Rxd6 Rxc2 23. Rxc2 Rxc2 24. a4 Ra2 25. a5 Ra3
26. Rb6 Ne8 27. Rxb7 Nd6 28. Rb6 Nc4 29. Rb7 Nxa5 30. Nxa5 Rxa5 31. Kf2 f6
32. Kg3 Kh7 33. h3 Ra1 34. Ra7 a5 35. Kg4 a4 36. g3 a3 37. f4 a2 38. fxe5
fxe5 39. Kf5 Rf1+ 40. Kxe5 a1=Q+ 41. Rxa1 Rxa1 42. Ke6 Ra7 43. e5 Kg6 44. g4
Kg5 45. Kd6 Rb7 46. e6 Kf6 47. h4 g5 48. hxg5+ hxg5 49. Kd5 Re7 {White
resigns} 0-1

[Event "ICC tourney 1944 (30 5)"]
[Site "Internet Chess Club"]
[Date "2020.08.01"]
[Round "5"]
[White "Queen4aKing"]
[Black "welmo"]
[Result "1-0"]
[ICCResult "Black checkmated"]
[WhiteElo "1178"]
[BlackElo "1249"]
[Opening "Ruy Lopez: Caro variation"]
[ECO "C70"]
[NIC "RL.09"]
[Time "18:01:00"]
[TimeControl "1800+5"]

1. e4 e5 2. Nf3 Nc6 3. Bb5 a6 4. Ba4 b5 5. Bb3 Nf6 6. Ng5 d5 7. exd5 Nxd5 8.
Nxf7 Kxf7 9. Qf3+ Ke8 10. Bxd5 Ke7 11. Bxc6 Rb8 12. Nc3 Be6 13. d3 Kd6 14.
Bg5 Be7 15. Bxe7+ Kxe7 16. O-O Rf8 17. Qe4 Bf5 18. Qxe5+ Kf7 19. Qxf5+ Kg8
20. Qd5+ Qxd5 21. Bxd5+ Kh8 22. Rfe1 Rb6 23. Re7 c6 24. Bb3 Rbb8 25. Rae1 h6
26. Be6 Rbd8 27. Ne4 Kh7 28. h3 a5 29. Ng3 Kh8 30. Bf5 Rg8 31. Bg6 Rdf8 32.
Re8 Rxe8 33. Rxe8 Rxe8 34. Bxe8 Kg8 35. Bxc6 Kf7 36. Bxb5 Ke6 37. c4 Kd6 38.
d4 g5 39. c5+ Kd5 40. c6 Kd6 41. Nf5+ Kc7 42. d5 Kc8 43. d6 Kd8 44. c7+ Kc8
45. Bc6 a4 46. Ne7# {Black checkmated} 1-0

[Event "ICC tourney 1944 (30 5)"]
[Site "Internet Chess Club"]
[Date "2020.08.01"]
[Round "5"]
[White "Alejjandra"]
[Black "BunnyGambit"]
[Result "1-0"]
[ICCResult "Black resigns"]
[WhiteElo "1211"]
[BlackElo "1094"]
[Opening "English: symmetrical variation"]
[ECO "A16"]
[NIC "EO.64"]
[Time "18:01:01"]
[TimeControl "1800+5"]

1. c4 Nf6 2. Nc3 c5 3. g3 g6 4. Bg2 Bg7 5. Nf3 O-O 6. e4 d6 7. d3 Nc6 8. h3
Rb8 9. Be3 a6 10. a4 Bd7 11. Qd2 Qa5 12. O-O Qc7 13. Bh6 Ne5 14. g4 Nxf3+
15. Bxf3 b5 16. axb5 axb5 17. b3 b4 18. Nd5 Nxd5 19. Bxg7 Kxg7 20. exd5 e6
21. dxe6 fxe6 22. Be4 Bc6 23. Bxc6 Qxc6 24. Ra7+ Rb7 25. Rfa1 Kg8 26. Qe3 e5
27. Ra8 Rf7 28. R8a6 Qf3 29. Rxd6 Qxe3 30. fxe3 Rf3 31. Re1 Rxh3 32. Re2
Rff3 33. Rd8+ Kg7 34. Rh2 Rhg3+ 35. Rg2 Rxe3 36. Kf2 Rgf3+ 37. Kg1 Re1+ 38.
Kh2 Rff1 39. Rd5 Rh1+ 40. Kg3 Re3+ 41. Kf2 Rhh3 42. Rxc5 Rxd3 43. Rxe5 Rd2+
44. Re2 Rxe2+ 45. Kxe2 Rxb3 46. Kd1 Rc3 47. Rc2 Kf6 48. Rxc3 bxc3 49. Kc2
Ke5 50. Kxc3 Kd6 51. Kd4 Kc6 52. g5 Kd6 53. c5+ Kc6 54. Kc4 Kd7 55. Kd5 Kc7
56. c6 Kd8 57. Kd6 Kc8 58. c7 Kb7 59. Kd7 {Black resigns} 1-0

[Event "ICC tourney 1944 (30 5)"]
[Site "Internet Chess Club"]
[Date "2020.08.01"]
[Round "5"]
[White "Aqualime"]
[Black "MonkeyTown"]
[Result "1-0"]
[ICCResult "Black resigns"]
[WhiteElo "1414"]
[BlackElo "1393"]
[Opening "QGD: Cambridge Springs defense, Bogolyubov variation"]
[ECO "D52"]
[NIC "QO.16"]
[Time "18:00:59"]
[TimeControl "1800+5"]

1. d4 d5 2. c4 e6 3. Nc3 Nf6 4. Bg5 c6 5. Nf3 Nbd7 6. e3 Bb4 7. Qc2 Qa5 8.
Nd2 O-O 9. Be2 dxc4 10. Bxf6 Nxf6 11. Nxc4 Bxc3+ 12. bxc3 Qg5 13. O-O Re8
14. Rab1 Nd7 15. Nd6 Re7 16. Nxc8 Rxc8 17. Rxb7 e5 18. Rxa7 Nb6 19. Rxe7
Qxe7 20. Rb1 Nd5 21. Ba6 Rd8 22. Rb7 Qa3 23. Bc4 Qa8 24. Qb3 exd4 25. cxd4
Kh8 26. Bxd5 cxd5 27. Rxf7 Rb8 28. Qc2 Rc8 29. Rc7 Rb8 30. h3 Rf8 31. Qc5
Rd8 32. Qe7 Rg8 33. Ra7 Qc6 34. a4 Qc1+ 35. Kh2 Qc2 36. Qf7 {Black resigns}
1-0

[Event "ICC tourney 1944 (30 5)"]
[Site "Internet Chess Club"]
[Date "2020.08.01"]
[Round "5"]
[White "seaglass-chess"]
[Black "jvihaan"]
[Result "0-1"]
[ICCResult "White resigns"]
[WhiteElo "1134"]
[BlackElo "1279"]
[Opening "English opening"]
[ECO "A20"]
[NIC "EO.25"]
[Time "18:03:12"]
[TimeControl "1800+5"]

1. c4 e5 2. d3 Nf6 3. g3 Bc5 4. Bg2 O-O 5. Nf3 d6 6. O-O Nc6 7. Nc3 Bf5 8.
e4 Bg4 9. h3 Be6 10. Rb1 Qd7 11. Kh2 h6 12. a3 a5 13. Bd2 Rfe8 14. Nb5 a4
15. Qc1 Na5 16. Qe1 Nb3 17. Bb4 c6 18. Nc3 b5 19. cxb5 cxb5 20. Nd2 Nd4 21.
Bxc5 dxc5 22. Ne2 Red8 23. Rc1 Rac8 24. Rc3 b4 25. axb4 cxb4 26. Rxc8 Rxc8
27. f4 exf4 28. Nxf4 Nc2 29. Qe2 a3 30. bxa3 bxa3 31. Nc4 Nd4 32. Qa2 Bxc4
33. dxc4 Qa4 34. e5 Nd7 35. Bd5 Nxe5 36. Ne2 Qc2 37. Qxc2 Nxc2 38. Nc3 Ne3
39. Rf4 N3xc4 40. Na2 g5 41. Rf6 Kg7 42. Ra6 Rd8 43. Bxc4 Rd2+ 44. Kg1 Nxc4
45. Nc3 Rc2 46. Nb1 Rc1+ {White resigns} 0-1

[Event "ICC tourney 1944 (30 5)"]
[Site "Internet Chess Club"]
[Date "2020.08.01"]
[Round "5"]
[White "SunnyCountry"]
[Black "Jeffchess"]
[Result "1-0"]
[ICCResult "Black checkmated"]
[WhiteElo "1347"]
[BlackElo "1413"]
[Opening "French: Steinitz variation"]
[ECO "C11"]
[NIC "AL.10"]
[Time "18:01:01"]
[TimeControl "1800+5"]

1. e4 Nf6 2. Nc3 e6 3. d4 d5 4. e5 Nfd7 5. Nf3 Bb4 6. a3 Bxc3+ 7. bxc3 h6 8.
Be2 c6 9. O-O b5 10. a4 Qb6 11. axb5 cxb5 12. Rb1 a6 13. c4 dxc4 14. Bxc4
Bb7 15. Be2 Nc6 16. c4 Rb8 17. cxb5 Na7 18. Be3 Bd5 19. bxa6 Qc6 20. Rxb8+
Nxb8 21. Qd3 Be4 22. Qc4 O-O 23. Qxc6 Nbxc6 24. Nd2 Bd5 25. Bc4 Ne7 26. Rb1
Rc8 27. Bxd5 Nxd5 28. g3 Rc6 29. Ra1 Kf8 30. Kf1 Ke7 31. Ke2 Kd7 32. Kd3 Kc7
33. Ke4 Kb8 34. Nb3 Nb5 35. Nc5 Ka7 36. Bd2 Nbc3+ 37. Bxc3 Nxc3+ 38. Ke3
Nd5+ 39. Kd2 Nc7 40. Kd3 f6 41. f4 f5 42. Kc4 g5 43. h4 g4 44. h5 Nd5 45.
Rb1 Nc7 46. Rb4 Nxa6 47. Ra4 Rb6 48. Nxa6 Rxa6 49. Rxa6+ Kxa6 50. Kc5 Kb7
51. Kd6 Kc8 52. Kxe6 Kc7 53. d5 Kd8 54. d6 Ke8 55. Kxf5 Kd8 56. Kf6 Kd7 57.
f5 Kd8 58. e6 Ke8 59. d7+ Kd8 60. e7+ Kxd7 61. Kf7 Kd6 62. e8=Q Kd5 63. Qe6+
Kd4 64. Ke7 Kd3 65. f6 Kd2 66. f7 Kd3 67. f8=Q Kd4 68. Qd8+ Kc5 69. Kf7 Kb5
70. Qed5+ Ka6 71. Qb3 Ka7 72. Qa5# {Black checkmated} 1-0

[Event "ICC tourney 1944 (30 5)"]
[Site "Internet Chess Club"]
[Date "2020.08.01"]
[Round "5"]
[White "soggydollar"]
[Black "yogokings12"]
[Result "1-0"]
[ICCResult "Black resigns"]
[WhiteElo "1466"]
[BlackElo "1524"]
[Opening "Sicilian: dragon, Yugoslav attack, 7...O-O"]
[ECO "B76"]
[NIC "SI.17"]
[Time "18:01:07"]
[TimeControl "1800+5"]

1. e4 c5 2. Nf3 d6 3. d4 cxd4 4. Nxd4 Nf6 5. Nc3 g6 6. Be3 Bg7 7. f3 O-O 8.
Qd2 Nc6 9. g4 Be6 10. Nxe6 fxe6 11. h4 d5 12. O-O-O dxe4 13. Nxe4 Nxe4 14.
fxe4 Qxd2+ 15. Rxd2 Ne5 16. Be2 a6 17. Rhd1 b5 18. Bc5 Rf4 19. Bxe7 Rxe4 20.
Bd6 Nc4 21. Bxc4 Rxc4 22. Rg2 Rac8 23. Re1 Re8 24. h5 e5 25. g5 gxh5 26. Rh1
Re6 27. b3 Rg4 28. Rxg4 hxg4 29. Bc5 Rg6 30. Be3 Kf7 31. Rxh7 g3 32. Rh3 Ke6
33. Rxg3 Bf8 34. c4 bxc4 35. bxc4 Kf5 36. Kd2 Be7 37. Kd3 Rd6+ 38. Kc3 Rc6
39. Bd2 e4 40. Be3 Bd6 41. Rg1 Be5+ 42. Bd4 Bf4 43. Bf6 e3 44. g6 Rc8 45. g7
Rg8 46. Bd4 Ke4 47. Rh1 e2 48. Re1 Kf3 49. Kd3 Re8 50. Rxe2 {Black resigns}
1-0

[Event "ICC tourney 1944 (30 5)"]
[Site "Internet Chess Club"]
[Date "2020.08.01"]
[Round "5"]
[White "rthurc2"]
[Black "DrPatzenGambino"]
[Result "0-1"]
[ICCResult "White resigns"]
[WhiteElo "1569"]
[BlackElo "1535"]
[Opening "Scandinavian defense"]
[ECO "B01"]
[NIC "SD.03"]
[Time "18:01:04"]
[TimeControl "1800+5"]

1. e4 d5 2. exd5 Nf6 3. d4 c6 4. dxc6 Nxc6 5. c3 Bg4 6. Be2 h5 7. Nf3 Qc7 8.
h3 Bf5 9. Bd3 e6 10. Bxf5 exf5 11. Qe2+ Be7 12. Bg5 O-O-O 13. Ne5 Bd6 14. f4
Rde8 15. Nd2 Nd5 16. Qb5 Nxf4 17. O-O a6 18. Qc4 Nxh3+ 19. gxh3 f6 20. Nxc6
bxc6 21. Bh4 Bg3 22. Qxa6+ Kb8 23. Qd3 Bxh4 24. Rxf5 g6 25. Rc5 Bf2+ 26. Kh1
Re3 27. Qxg6 Rxh3+ {White resigns} 0-1

[Event "ICC tourney 1944 (30 5)"]
[Site "Internet Chess Club"]
[Date "2020.08.01"]
[Round "5"]
[White "ChemStud24"]
[Black "CoastalJourney"]
[Result "0-1"]
[ICCResult "White resigns"]
[WhiteElo "1494"]
[BlackElo "1315"]
[Opening "Scandinavian: Marshall variation"]
[ECO "B01"]
[NIC "SD.03"]
[Time "18:01:01"]
[TimeControl "1800+5"]

1. e4 d5 2. exd5 Nf6 3. d4 Nxd5 4. Nf3 Bg4 5. h3 Bh5 6. g4 Bg6 7. c4 Nb6 8.
Nc3 e6 9. Ne5 N8d7 10. Bg2 Nxe5 11. dxe5 c6 12. Qe2 Bd3 13. Qf3 Nxc4 14. Qf4
Nb6 15. Be3 Bg6 16. Rd1 Qc7 17. O-O Be7 18. Ne4 Nd5 19. Nd6+ Bxd6 20. exd6
Qd7 21. Bxd5 exd5 22. Qe5+ Qe6 23. Qxg7 O-O-O 24. Bxa7 Qxd6 25. Qc3 h5 26.
Bd4 Rhg8 27. Bf6 Rde8 28. g5 Qf4 29. Rxd5 Be4 30. Rd4 Qxf6 31. Rxe4 Qxg5+
32. Rg4 hxg4 33. hxg4 Qxg4+ 34. Qg3 Qd7 {White resigns} 0-1

[Event "ICC tourney 1944 (30 5)"]
[Site "Internet Chess Club"]
[Date "2020.08.01"]
[Round "5"]
[White "Luc2008"]
[Black "chessisfunsp"]
[Result "0-1"]
[ICCResult "White checkmated"]
[WhiteElo "1646"]
[BlackElo "1701"]
[Opening "Réti opening"]
[ECO "A05"]
[NIC "QP.11"]
[Time "18:01:00"]
[TimeControl "1800+5"]

1. Nf3 Nf6 2. b3 Nc6 3. Bb2 g6 4. e3 Bg7 5. Be2 O-O 6. O-O d5 7. c4 Qd6 8.
d4 Bf5 9. Nc3 Rfd8 10. c5 Qd7 11. Bb5 Ne4 12. Nxe4 dxe4 13. Nd2 e5 14. Bxc6
Qxc6 15. Nc4 exd4 16. exd4 Rd7 17. Qd2 Rad8 18. Rad1 Bxd4 19. Bxd4 Rxd4 20.
Qxd4 Rxd4 21. Rxd4 Qxc5 22. Rfd1 Qc6 23. Ne3 Be6 24. Nd5 Bxd5 25. Rxd5 Kg7
26. R5d4 b5 27. h3 a5 28. Kf1 f5 29. Rd7+ Kh6 30. Re7 Qc2 31. Rdd7 Qb1+ 32.
Ke2 Qxa2+ 33. Kf1 Kg5 34. g3 Qxb3 35. Kg2 Qf3+ 36. Kg1 b4 37. Rxh7 b3 38.
Rd2 e3 39. Rb2 a4 40. fxe3 Qxe3+ 41. Kg2 a3 42. Rf2 b2 43. h4+ Kg4 44. Rf4+
Qxf4 45. gxf4 b1=Q 46. h5 Qb2+ 47. Kg1 a2 48. h6 a1=Q# {White checkmated}
0-1

[Event "ICC tourney 1944 (30 5)"]
[Site "Internet Chess Club"]
[Date "2020.08.01"]
[Round "5"]
[White "RachanaB"]
[Black "knighthawkmill"]
[Result "0-1"]
[ICCResult "White resigns"]
[WhiteElo "1322"]
[BlackElo "1677"]
[Opening "French: advance variation"]
[ECO "C02"]
[NIC "FR.03"]
[Time "18:01:05"]
[TimeControl "1800+5"]

1. e4 e6 2. d4 d5 3. e5 c5 4. c3 a5 5. Nf3 a4 6. Be3 c4 7. Be2 Ne7 8. Nbd2
Nf5 9. Qc2 Nc6 10. O-O Be7 11. h3 b5 12. a3 Na5 13. g4 Nh4 14. Nxh4 Bxh4 15.
f4 Nb3 16. Nxb3 axb3 17. Qd2 h6 18. f5 Bg5 19. Bd1 Bxe3+ 20. Qxe3 Qg5 21.
Qg3 exf5 22. Kh2 fxg4 23. hxg4 Be6 24. Bf3 O-O 25. Rg1 Ra7 26. Qg2 Qh4+ 27.
Qh3 Qxh3+ 28. Kxh3 h5 29. Kh2 hxg4 30. Bxg4 Bxg4 31. Rxg4 Re8 32. Rag1 g6
33. Rh4 Kg7 34. Kg3 Rh8 35. Rf4 Rh5 36. Kf3 Re7 37. Rf6 Re6 38. Rf4 Rh2 39.
Rg2 Rxg2 40. Kxg2 g5 41. Rf2 Rh6 42. Kg3 Rh4 43. Rf5 Rh1 44. Rxg5+ Kh6 45.
Rf5 Rg1+ 46. Kh2 Rb1 47. Rf2 Kg6 48. Kg3 Rc1 49. Rf6+ Kg7 50. Rd6 Rxc3+ 51.
Kf4 Rc2 52. Rxd5 Rxb2 53. Rxb5 c3 54. Rc5 Rf2+ 55. Ke3 b2 56. Rb5 Rf1 57.
Kd3 b1=Q+ 58. Rxb1 Rxb1 59. Kxc3 Kf8 60. a4 Ke7 61. Kc4 Kd7 62. Kd5 Ra1 63.
Kc5 Rxa4 64. d5 Ra5+ 65. Kd4 Kc7 66. e6 fxe6 67. dxe6 Kd6 68. e7 Kxe7
{White resigns}
0-1

[Event "ICC tourney 1944 (30 5)"]
[Site "Internet Chess Club"]
[Date "2020.08.01"]
[Round "5"]
[White "shrey16ultimate"]
[Black "Vish1080"]
[Result "0-1"]
[ICCResult "White checkmated"]
[WhiteElo "1515"]
[BlackElo "1632"]
[Opening "King's Indian: London system"]
[ECO "A48"]
[NIC "QP.06"]
[Time "18:00:58"]
[TimeControl "1800+5"]

1. d4 Nf6 2. Nf3 g6 3. Bf4 d6 4. e3 Bg7 5. c4 O-O 6. Nc3 Bg4 7. Be2 Nbd7 8.
h3 Bxf3 9. Bxf3 Rb8 10. O-O e5 11. dxe5 Nxe5 12. Bxe5 dxe5 13. Qc2 c6 14.
Rad1 Qc7 15. Rd2 Rfd8 16. Rfd1 Bf8 17. Qb3 Rxd2 18. Rxd2 b5 19. cxb5 cxb5
20. Nd5 Nxd5 21. Bxd5 Kg7 22. Rc2 Qe7 23. Rc6 Rb6 24. Rxb6 axb6 25. Qxb5 Qb4
26. Qxb4 Bxb4 27. Kf1 f5 28. f3 h6 29. Ke2 Kf6 30. Kd3 Ke7 31. Kc4 Bc5 32.
e4 fxe4 33. Bxe4 g5 34. b4 Bd4 35. Kb5 Kd6 36. a4 Kc7 37. a5 bxa5 38. bxa5
Kb8 39. a6 Kc7 40. Kc4 Kd6 41. g3 Be3 42. Kd3 Ba7 43. g4 Bf2 44. Ke2 Ba7 45.
Kf1 Kc5 46. Kg2 Kd4 47. Kg3 Ke3 48. h4 Ke2 49. hxg5 hxg5 50. Kg2 Bd4 51. Kg3
Ba7 52. Bc6 Bd4 53. Bb5+ Ke3 54. Kg2 Ba7 55. Bc6 Ke2 56. Kg3 Bf2+ 57. Kh3
Ba7 58. Kh2 Kf2 59. Kh1 Bb8 60. Kh2 e4+ 61. f4 e3 62. Bb5 gxf4 63. g5 f3+
64. Kh3 e2 65. g6 e1=Q 66. g7 Qh1+ 67. Kg4 Qg2+ 68. Kf5 Qxg7 69. a7 Qxa7 70.
Bc4 Qc5+ 71. Kf6 Qxc4 72. Kg7 Ke3 73. Kg6 f2 74. Kg5 f1=Q 75. Kh6 Qff4+ 76.
Kg6 Qcf7# {White checkmated} 0-1

[Event "ICC tourney 1944 (30 5)"]
[Site "Internet Chess Club"]
[Date "2020.08.01"]
[Round "5"]
[White "Reyvaj0075"]
[Black "Mapking1"]
[Result "1/2-1/2"]
[ICCResult "Game drawn because neither player has mating material"]
[WhiteElo "1490"]
[BlackElo "1547"]
[Opening "King's Indian: East Indian defense"]
[ECO "A48"]
[NIC "QP.06"]
[Time "18:00:56"]
[TimeControl "1800+5"]

1. d4 Nf6 2. Nf3 g6 3. h3 Bg7 4. Bf4 O-O 5. e3 d5 6. a3 c5 7. c4 Nc6 8. Be2
dxc4 9. Bxc4 Nh5 10. Be5 Nxe5 11. dxe5 Qxd1+ 12. Kxd1 Rd8+ 13. Ke2 b5 14.
Bd3 Bh8 15. g4 Ng7 16. Nc3 a6 17. Be4 Ra7 18. Rad1 Rad7 19. Nd5 Kf8 20. Nb6
Rxd1 21. Rxd1 Rxd1 22. Kxd1 Be6 23. Bb7 a5 24. Ng5 Bb3+ 25. Kd2 Ne6 26.
Nxe6+ Bxe6 27. f4 f6 28. Bc6 fxe5 29. Bxb5 exf4 30. exf4 Bxb2 31. a4 Ba3 32.
Bc4 Kf7 33. Kd3 Kf6 34. Ke4 Bb4 35. Bd5 Bxd5+ 36. Kxd5 Bd2 37. Nd7+ Kf7 38.
f5 gxf5 39. gxf5 Bb4 40. Nxc5 Bxc5 41. Kxc5 Kf6 42. Kb5 Kxf5 43. Kxa5 e5 44.
Kb4 e4 45. a5 e3 46. Kc3 Kf4 47. a6 Kg3 48. Kd3 Kf2 49. a7 e2 50. a8=Q e1=Q
51. Qa2+ Kg3 52. Qg8+ Kxh3 53. Qxh7+ Qh4 54. Qxh4+ Kxh4
{Game drawn because neither player has mating material}
1/2-1/2

[Event "ICC tourney 1944 (30 5)"]
[Site "Internet Chess Club"]
[Date "2020.08.01"]
[Round "5"]
[White "arock"]
[Black "BobbyFissure"]
[Result "1-0"]
[ICCResult "Black resigns"]
[WhiteElo "1587"]
[BlackElo "1434"]
[Opening "Sicilian: dragon variation"]
[ECO "B70"]
[NIC "SI.15"]
[Time "18:01:04"]
[TimeControl "1800+5"]

1. e4 c5 2. Nf3 d6 3. d4 cxd4 4. Nxd4 Nf6 5. Nc3 g6 6. Bc4 Bg7 7. f3 O-O 8.
Be3 Nc6 9. O-O Bd7 10. Qd2 Re8 11. Rad1 Rc8 12. Bb3 Ne5 13. Bh6 Bh8 14. h3
Nc4 15. Qc1 a6 16. f4 Qb6 17. Kh1 Qc7 18. f5 Nxb2 19. Qg5 Nc4 20. fxg6 fxg6
21. Nf5 d5 22. Nxd5 Nxd5 23. exd5 Bxf5 24. Rxf5 Nd6 25. Rdf1 Bg7 26. Bxg7
Kxg7 27. Rf7+ Nxf7 28. Rxf7+ Kxf7 29. d6+ Kg7 30. dxc7 Rxc7 31. Qe5+
{Black resigns}
1-0